3AA
MYRTLE BEACH MERMEN @ CASPER GHOSTS
09/02/2027
 
TOP OF THE 1ST
Myrtle Beach Mermen batting - Pitching for Casper Ghosts : RHP Wallace Elgie
Pitching: RHP Wallace Elgie
Batting: RHB Sergio Pérez 0-0: Ball
1-0: Ground out 5-3 (Groundball, 56)
Batting: RHB Jorge Reyes 0-0: Called Strike
0-1: Ball
1-1: Ball
2-1: Ball
3-1: Base on Balls
Batting: RHB Jim Unknown 0-0: Swinging Strike
0-1: Foul Ball, location: 2F
0-2: Strikes out swinging
Batting: RHB Maik Palen 0-0: Foul Ball, location: 2F
0-1: Ball
1-1: Fly out, F8 (Flyball, 89M)
Top of the 1st over - 0 run(s), 0 hit(s), 0 error(s), 1 left on base; Myrtle Beach 0 - Casper 0
BOTTOM OF THE 1ST
Casper Ghosts batting - Pitching for Myrtle Beach Mermen : RHP Jordan Turpin
Pitching: RHP Jordan Turpin
Batting: RHB Warner Robinson 0-0: Ball
1-0: Ball
2-0: Bunted foul
2-1: Called Strike
2-2: Foul Ball, location: 2F
2-2: Ball
3-2: Ground out 3-1 (Groundball, 34S)
Batting: RHB Todd Sentell 0-0: Foul Ball, location: 2F
0-1: Fly out, F7 (Line Drive, 7)
Batting: LHB José Valéncia 0-0: Ball
1-0: SINGLE (Line Drive, 89M)
Batting: RHB Manny Maltby 0-0: Ball
José Valéncia is caught stealing 2nd base
Bottom of the 1st over - 0 run(s), 1 hit(s), 0 error(s), 0 left on base; Myrtle Beach 0 - Casper 0
TOP OF THE 2ND
Myrtle Beach Mermen batting - Pitching for Casper Ghosts : RHP Wallace Elgie
Batting: LHB Alexis Raimbault 0-0: Ball
1-0: Ground out 4-3 (Groundball, 34)
Batting: LHB Philip Strickland 0-0: Ball
1-0: Called Strike
1-1: Ball
2-1: Foul Ball, location: 2F
2-2: Foul Ball, location: 2F
2-2: Ball
3-2: SINGLE (Line Drive, 3L)
Batting: RHB Fernando Martínez 0-0: Ball
Wild Pitch!
Philip Strickland to second
1-0: Called Strike
1-1: Swinging Strike
1-2: Ball
2-2: Strikes out swinging
Batting: RHB Jimmy Dawson 0-0: Ball
1-0: Called Strike
1-1: Ball
2-1: Ball
3-1: Swinging Strike
3-2: Base on Balls
Batting: RHB Sal Haynes 0-0: Called Strike
0-1: Fielders Choice at 2nd, U6 (Groundball, 6M)
Top of the 2nd over - 0 run(s), 1 hit(s), 0 error(s), 2 left on base; Myrtle Beach 0 - Casper 0
BOTTOM OF THE 2ND
Casper Ghosts batting - Pitching for Myrtle Beach Mermen : RHP Jordan Turpin
Batting: RHB Manny Maltby 0-0: Ground out 4-3 (Groundball, 4)
Batting: LHB José Hernández 0-0: Ball
1-0: SINGLE (Flyball, 8LS)
Batting: RHB Félix Ramos 0-0: Ball
José Hernández steals 2nd base
1-0: Ball
2-0: Fly out, F9 (Line Drive, 89M)
Batting: RHB Roberto De La Cruz 0-0: Ball
1-0: Ball
2-0: Foul Ball, location: 2F
2-1: Called Strike
2-2: Foul Ball, location: 2F
2-2: Ball
3-2: Foul Ball, location: 2F
3-2: Fly out, F8 (Flyball, 8LM)
Bottom of the 2nd over - 0 run(s), 1 hit(s), 0 error(s), 1 left on base; Myrtle Beach 0 - Casper 0
TOP OF THE 3RD
Myrtle Beach Mermen batting - Pitching for Casper Ghosts : RHP Wallace Elgie
Batting: RHB Sergio Pérez 0-0: Ball
1-0: Swinging Strike
1-1: Ball
2-1: Called Strike
2-2: Ball
3-2: Foul Ball, location: 2F
3-2: Ground out 1-3 (Groundball, 13S)
Batting: RHB Jorge Reyes 0-0: Foul Ball, location: 2F
0-1: Ball
1-1: Ball
2-1: Fly out, F2 (Popup, 23)
Batting: RHB Jim Unknown 0-0: Foul Ball, location: 2F
0-1: Fly out, F9 (Flyball, 9LS)
Top of the 3rd over - 0 run(s), 0 hit(s), 0 error(s), 0 left on base; Myrtle Beach 0 - Casper 0
BOTTOM OF THE 3RD
Casper Ghosts batting - Pitching for Myrtle Beach Mermen : RHP Jordan Turpin
Batting: RHB Henry Appleby 0-0: Foul Ball, location: 2F
0-1: Swinging Strike
0-2: Ball
1-2: Foul Ball, location: 2F
1-2: Strikes out swinging
Batting: LHB Iemitsu Hatsutori 0-0: Fly out, F7 (Flyball, 7S)
Batting: RHB Warner Robinson 0-0: Ball
1-0: Ball
2-0: Called Strike
2-1: Fly out, F9 (Line Drive, 89M)
Bottom of the 3rd over - 0 run(s), 0 hit(s), 0 error(s), 0 left on base; Myrtle Beach 0 - Casper 0
TOP OF THE 4TH
Myrtle Beach Mermen batting - Pitching for Casper Ghosts : RHP Wallace Elgie
Batting: RHB Maik Palen 0-0: Ball
1-0: Ball
2-0: Called Strike
2-1: Ball
3-1: Called Strike
3-2: Fly out, F8 (Line Drive, 8LM)
Batting: LHB Alexis Raimbault 0-0: Ball
1-0: Ground out 3-1 (Groundball, 34)
Batting: LHB Philip Strickland 0-0: Swinging Strike
0-1: Ball
1-1: Swinging Strike
1-2: Ball
2-2: Foul Ball, location: 2F
2-2: Foul Ball, location: 2F
2-2: DOUBLE (Line Drive, 89XD)
Batting: RHB Fernando Martínez 0-0: Ball
1-0: Fly out, F9 (Flyball, 9LM)
Top of the 4th over - 0 run(s), 1 hit(s), 0 error(s), 1 left on base; Myrtle Beach 0 - Casper 0
BOTTOM OF THE 4TH
Casper Ghosts batting - Pitching for Myrtle Beach Mermen : RHP Jordan Turpin
Batting: RHB Todd Sentell 0-0: Fly out, F9 (Flyball, 9LM)
Batting: LHB José Valéncia 0-0: Ball
1-0: DOUBLE (Flyball, 7LD)
Batting: RHB Manny Maltby 0-0: Ball
José Valéncia steals 3rd base
1-0: Fly out, F7 (Flyball, 7S)
Batting: LHB José Hernández 0-0: Called Strike
0-1: Swinging Strike
0-2: Ground out 1-3 (Groundball, 15)
Bottom of the 4th over - 0 run(s), 1 hit(s), 0 error(s), 1 left on base; Myrtle Beach 0 - Casper 0
TOP OF THE 5TH
Myrtle Beach Mermen batting - Pitching for Casper Ghosts : RHP Wallace Elgie
Batting: RHB Jimmy Dawson 0-0: Ball
1-0: Bunt missed!
1-1: Ground out 5-3 (Groundball, 56S)
Batting: RHB Sal Haynes 0-0: Fly out, F9 (Flyball, 9S)
Batting: RHB Sergio Pérez 0-0: Ball
1-0: Ball
2-0: Called Strike
2-1: Called Strike
2-2: Ball
3-2: Foul Ball, location: 2F
3-2: Foul Ball, location: 2F
3-2: Foul Ball, location: 2F
3-2: Base on Balls
Batting: RHB Jorge Reyes 0-0: Ball
1-0: Ball
Wild Pitch!
Sergio Pérez to second
2-0: Ball
3-0: Called Strike
3-1: Foul Ball, location: 2F
3-2: Ground out 6-3 (Groundball, 6M)
Top of the 5th over - 0 run(s), 0 hit(s), 0 error(s), 1 left on base; Myrtle Beach 0 - Casper 0
BOTTOM OF THE 5TH
Casper Ghosts batting - Pitching for Myrtle Beach Mermen : RHP Jordan Turpin
Batting: RHB Félix Ramos 0-0: Ball
1-0: Foul Ball, location: 2F
1-1: Foul Ball, location: 2F
1-2: Ground out 5-3 (Groundball, 56)
Batting: RHB Roberto De La Cruz 0-0: Ground out 6-3 (Groundball, 6)
Batting: RHB Henry Appleby 0-0: Ground out 6-3 (Groundball, 56)
Bottom of the 5th over - 0 run(s), 0 hit(s), 0 error(s), 0 left on base; Myrtle Beach 0 - Casper 0
TOP OF THE 6TH
Myrtle Beach Mermen batting - Pitching for Casper Ghosts : RHP Wallace Elgie
Batting: RHB Jim Unknown 0-0: Ball
1-0: Called Strike
1-1: Ball
2-1: Fly out, F8 (Flyball, 8LM)
Batting: RHB Maik Palen 0-0: Ball
1-0: Foul Ball, location: 2F
1-1: Ball
2-1: Foul Ball, location: 2F
2-2: Fly out, F8 (Flyball, 78M)
Batting: LHB Alexis Raimbault 0-0: Ball
1-0: Ball
2-0: Ground out 1-3 (Groundball, 13S)
Top of the 6th over - 0 run(s), 0 hit(s), 0 error(s), 0 left on base; Myrtle Beach 0 - Casper 0
BOTTOM OF THE 6TH
Casper Ghosts batting - Pitching for Myrtle Beach Mermen : RHP Jordan Turpin
Batting: LHB Iemitsu Hatsutori 0-0: Ball
1-0: Foul Ball, location: 2F
1-1: SINGLE (Line Drive, 8RS)
Batting: RHB Warner Robinson 0-0: Ball
1-0: Bunted foul
1-1: Bunted foul
1-2: Ball
2-2: Reached on error, E4 (Groundball, 6M)
Iemitsu Hatsutori to second
Batting: RHB Todd Sentell 0-0: Called Strike
0-1: Foul Ball, location: 2F
0-2: Foul Ball, location: 2F
0-2: Ball
1-2: Grounds into double play, 4-6-3 (Groundball, 4)
Iemitsu Hatsutori to third
Batting: LHB José Valéncia 0-0: Called Strike
0-1: Called Strike
0-2: 2-RUN HOME RUN (Flyball, 78XD), Distance : 423 ft
Batting: RHB Manny Maltby 0-0: Called Strike
0-1: Ground out 4-3 (Groundball, 34)
Bottom of the 6th over - 2 run(s), 2 hit(s), 1 error(s), 0 left on base; Myrtle Beach 0 - Casper 2
TOP OF THE 7TH
Myrtle Beach Mermen batting - Pitching for Casper Ghosts : RHP Wallace Elgie
Batting: LHB Philip Strickland 0-0: Called Strike
0-1: Swinging Strike
0-2: Foul Ball, location: 2F
0-2: Strikes out looking
Batting: RHB Fernando Martínez 0-0: Called Strike
0-1: Ball
1-1: Foul Ball, location: 2F
1-2: Ball
2-2: Fly out, F3 (Popup, 34)
Batting: RHB Jimmy Dawson 0-0: Ground out 6-3 (Groundball, 56)
Top of the 7th over - 0 run(s), 0 hit(s), 0 error(s), 0 left on base; Myrtle Beach 0 - Casper 2
BOTTOM OF THE 7TH
Casper Ghosts batting - Pitching for Myrtle Beach Mermen : RHP Jordan Turpin
Batting: LHB José Hernández 0-0: Ball
1-0: Foul Ball, location: 2F
1-1: Swinging Strike
1-2: Fly out, F7 (Flyball, 7S)
Batting: RHB Félix Ramos 0-0: Ball
1-0: Fly out, F8 (Flyball, 8LM)
Batting: RHB Roberto De La Cruz 0-0: Ball
1-0: Called Strike
1-1: Ball
2-1: Swinging Strike
2-2: Strikes out looking
Bottom of the 7th over - 0 run(s), 0 hit(s), 0 error(s), 0 left on base; Myrtle Beach 0 - Casper 2
TOP OF THE 8TH
Myrtle Beach Mermen batting - Pitching for Casper Ghosts : RHP Wallace Elgie
Pitching: RHP Júlio Vázquez
Batting: RHB Sal Haynes 0-0: SINGLE (Flyball, 78S)
Batting: RHB Sergio Pérez 0-0: Ball
1-0: Fly out, F7 (Flyball, 7S)
Batting: RHB Jorge Reyes 0-0: Ball
1-0: Ball
2-0: Ball
3-0: Base on Balls
Sal Haynes to second
Batting: RHB Jim Unknown 0-0: Ball
1-0: Ball
2-0: Ball
3-0: Called Strike
3-1: Fly out, F9 (Flyball, 9S)
Batting: RHB Maik Palen 0-0: Called Strike
0-1: Ball
1-1: Swinging Strike
1-2: Ball
2-2: Foul Ball, location: 2F
2-2: Fly out, F9 (Flyball, 9LSF)
Top of the 8th over - 0 run(s), 1 hit(s), 0 error(s), 2 left on base; Myrtle Beach 0 - Casper 2
BOTTOM OF THE 8TH
Casper Ghosts batting - Pitching for Myrtle Beach Mermen : RHP Jordan Turpin
Batting: RHB Henry Appleby 0-0: Called Strike
0-1: Ground out 6-3 (Groundball, 56)
Batting: LHB Iemitsu Hatsutori 0-0: Fly out, F7 (Flyball, 7S)
Batting: RHB Warner Robinson 0-0: Ground out U3 (Groundball, 23)
Bottom of the 8th over - 0 run(s), 0 hit(s), 0 error(s), 0 left on base; Myrtle Beach 0 - Casper 2
TOP OF THE 9TH
Myrtle Beach Mermen batting - Pitching for Casper Ghosts : RHP Júlio Vázquez
Pitching: LHP Randy Vickers
Batting: LHB Alexis Raimbault 0-0: Called Strike
0-1: Swinging Strike
0-2: Ball
1-2: Foul Ball, location: 2F
1-2: Strikes out swinging
Batting: LHB Philip Strickland 0-0: Foul Ball, location: 2F
0-1: Ball
1-1: Swinging Strike
1-2: Ball
2-2: Fly out, F7 (Flyball, 7S)
Batting: RHB Fernando Martínez 0-0: Ball
1-0: Ball
2-0: Called Strike
2-1: Ball
3-1: Base on Balls
Batting: RHB Jimmy Dawson 0-0: Called Strike
0-1: Ball
1-1: Foul Ball, location: 2F
1-2: Foul Ball, location: 2F
1-2: Ball
2-2: Ball
3-2: Foul Ball, location: 2F
3-2: Fly out, F7 (Line Drive, 7D)
Top of the 9th over - 0 run(s), 0 hit(s), 0 error(s), 1 left on base; Myrtle Beach 0 - Casper 2
Saturday, May 26th, 2018 - OOTP Baseball 17.12 Build 75